 Dungeon Crawl Stone Soup version 0.30-a0-292-g0f741e3f8e (webtiles) character file.

Game seed: 12783190122985417993

840 themarg the Fighter (level 8, -6/117 HPs)
             Began as a Hill Orc Monk on Oct 17, 2022.
             Was a Priest of Okawaru.
             Mangled by a hornet (12 damage)
             ... on level 4 of the Dungeon.
             The game lasted 00:11:20 (3954 turns).

themarg the Fighter (Hill Orc Monk)                 Turns: 3954, Time: 00:11:21

Health: -6/117     AC: 28    Str: 16    XL:     8   Next: 0%
Magic:  10/11      EV:  2    Int: 10    God:    Okawaru [***...]
Gold:   181        SH:  0    Dex: 13    Spells: 7/7 levels left

rFire   . . .      SeeInvis .    a - +0 hand axe
rCold   . . .      Faith    .    (no shield)
rNeg    . . .      Spirit   .    (body armour currently unavailable)
rPois   +          Reflect  .    (helmet currently unavailable)
rElec   .          Harm     .    (cloak currently unavailable)
rCorr   .          Rampage  .    (gloves currently unavailable)
Will    .....      NoTele   +    (boots currently unavailable)
Stlth   ++++......               o - amulet of the acrobat
HPRegen 0.39/turn                b - +4 ring of protection
MPRegen 0.12/turn                (no ring)

@: brilliant, tree-form (expiring), heroic
A: stationary, stasis, torment immunity, boosted hp
a: Renounce Religion, Heroism


You were on level 4 of the Dungeon.
You worshipped Okawaru.
Okawaru was most pleased with you.
You were a tree.
You visited 2 branches of the dungeon, and saw 6 of its levels.

You collected 207 gold pieces.
You spent 26 gold pieces at shops.

Inventory:

Hand Weapons
 a - a +0 hand axe (weapon)
Missiles
 e - 24 stones (quivered)
 f - 3 boomerangs
 u - 3 poisoned darts
Armour
 m - a +1 pair of gloves (melded)
 r - a +0 chain mail (melded)
 x - a +0 helmet
Jewellery
 b - a +4 ring of protection (left branch)
 o - an amulet of the acrobat (around neck)
Scrolls
 j - a scroll of butterflies
 k - 2 scrolls of acquirement {unknown}
 l - 5 scrolls of teleportation
 p - a scroll of vulnerability {unknown}
 s - a scroll of enchant armour {unknown}
 t - a scroll of blinking {unknown}
 v - 2 scrolls of poison {unknown}
 y - a scroll of amnesia {unknown}
 z - a scroll of brand weapon {unknown}
Potions
 c - a potion of ambrosia
 d - a potion of cancellation
 g - a potion of invisibility {unknown}
 i - 3 potions of flight
 n - 2 potions of brilliance
 q - 4 potions of attraction
 w - a potion of curing


   Skills:
 * Level 9.3(14.3) Fighting
 - Level 4.0(9.0) Axes
 - Level 3.0(8.0) Dodging
 - Level 2.5(7.5) Stealth
 + Level 4.8 Invocations


You had 7 spell levels left.
You didn't know any spells.
Your spell library contained the following spells:

 Spells                   Type           Power      Damage    Failure   Level
 Sublimation of Blood     Necr           0%         N/A       50%         2
 Petrify                  Tmut/Erth      0%         N/A       98%         4
 Irradiate                Conj/Tmut      0%         3d11      100%        5


Dungeon Overview and Level Annotations

Branches:
Dungeon (5/15)             Temple (1/1) D:4

Altars:
Ashenzari
Dithmenos
Fedhas
Gozag
Hepliaklqana
Kikubaaqudgha
Makhleb
Nemelex Xobeh
Okawaru
Qazlal
Ru
Trog
Vehumet
Xom
Yredelemnul
Zin
The Shining One

Shops:
D:1 !   D:2 ?


Message History

You hit the hornet but do no damage.
The hornet is moderately wounded.
You feel yourself speed up.
The hornet stings you but does no damage. x2
You barely miss the hornet.
The hornet is moderately wounded.
The hornet stings you but does no damage.
You hit the hornet.
The hornet is moderately wounded.
The hornet stings you but does no damage.
You hit the hornet.
The hornet is moderately wounded.
The hornet stings you but does no damage. x2
You hit the hornet but do no damage.
The hornet is moderately wounded.
The hornet stings you but does no damage.
You hit the hornet.
The hornet is heavily wounded.
The hornet stings you but does no damage.
You slash the hornet!
The hornet is severely wounded.
The hornet stings you but does no damage.
You barely miss the hornet.
The hornet is severely wounded.
The hornet stings you but does no damage.
The hornet stings you!
* * * LOW HITPOINT WARNING * * *
You completely miss the hornet.
The hornet is severely wounded.
The hornet stings you but does no damage.
You hit the hornet.
The hornet is severely wounded.
Your transformation is almost over.
The hornet stings you!
* * * LOW HITPOINT WARNING * * *
It was a potion of brilliance.
You feel clever all of a sudden.
The hornet stings you but does no damage.
The hornet stings you!
You die...

.#...........# #.<###........)..
.######.###### #..# #..##.#.###.
.# #...# #..###.....#..... .#
#...# #.......########. .#
#...########....##.#### #. .#
#.........##..........#####.
######....####.##....##.#.....###
..............[##.#..##.#.....#
................♣y........<...#
...............###...##.#.....#
.####......###.##.............#
.####..........##..>##..#######
.........#.######...##..#
.###.....#.# #.......# ######
####.....#.## #.###..## #.....
#...........# ##.###..# #.####
#.##..#####.####.......#####....#


You could see a hornet.

Vanquished Creatures
  Grinder (D:4)
  Sigmund (D:4)
  2 ogres
  A scorpion (D:4)
  3 hounds
  An iguana (D:3)
  Robin (D:4)
  5 adders
  An ufetubus (D:4)
  A worm (D:2)
  A dart slug (D:5)
  6 orcs
  3 endoplasms
  A giant cockroach (D:1)
  6 hobgoblins
  3 jackals (D:3)
  3 quokkas
  6 ball pythons
  7 bats
  A frilled lizard (D:1)
  13 goblins
  8 kobolds
  6 rats
81 creatures vanquished.

Notes
Turn   | Place    | Note
-------+----------+-------------------------------------------
     0 | D:1      | themarg the Hill Orc Monk began the quest for the Orb.
     0 | D:1      | Reached XP level 1. HP: 19/19 MP: 1/1
    63 | D:1      | Found Sausau's Distillery.
   302 | D:1      | Reached skill level 4 in Fighting
   302 | D:1      | Reached XP level 2. HP: 22/27 MP: 2/2
   825 | D:2      | Reached XP level 3. HP: 31/34 MP: 3/3
   967 | D:2      | Found Ibewauc's Magic Scroll Shop.
  1095 | D:2      | Bought a scroll of identify for 26 gold pieces
  1456 | D:3      | Reached skill level 5 in Fighting
  1456 | D:3      | Reached XP level 4. HP: 15/42 MP: 4/4
  1758 | D:3      | Found a basalt altar of Yredelemnul.
  1881 | D:3      | Noticed an ogre
  1893 | D:3      | Killed an ogre
  1894 | D:3      | Reached skill level 6 in Fighting
  1894 | D:3      | Reached XP level 5. HP: 27/50 MP: 5/5
  2581 | D:4      | Found a staircase to the Ecumenical Temple.
  2587 | Temple   | Entered the Ecumenical Temple
  2594 | Temple   | Became a worshipper of Warmaster Okawaru
  2594 | Temple   | Reached * piety under Okawaru
  2594 | Temple   | Reached ** piety under Okawaru
  2694 | D:4      | Noticed Sigmund
  2727 | D:4      | Killed Sigmund
  2728 | D:4      | Reached skill level 7 in Fighting
  2728 | D:4      | Reached XP level 6. HP: 24/60 MP: 5/7
  2874 | D:4      | Reached *** piety under Okawaru
  2875 | D:4      | Reached XP level 7. HP: 49/67 MP: 7/9
  2971 | D:4      | Noticed Robin
  2998 | D:4      | Killed Robin
  2999 | D:4      | Reached skill level 8 in Fighting
  3283 | D:4      | Found a glowing golden altar of the Shining One.
  3590 | D:4      | Noticed Grinder
  3590 | D:4      | Paralysed by Grinder for 3 turns
  3604 | D:4      | Paralysed by Grinder for 3 turns
  3614 | D:4      | Paralysed by Grinder for 2 turns
  3618 | D:4      | Killed Grinder
  3619 | D:4      | Reached skill level 9 in Fighting
  3834 | D:5      | Entered Level 5 of the Dungeon
  3904 | D:5      | Reached XP level 8. HP: 76/78 MP: 11/11
  3917 | D:5      | Noticed a hornet
  3927 | D:4      | Paralysed by a hornet for 1 turns
  3953 | D:4      | HP: 5/117 [hornet (8)]
  3954 | D:4      | Mangled by a hornet

Illustrated notes

Levels and vault maps discovered:
D:1:      zelgadis_glass_arrival_large, layout_basic, serial_shops, shop,
          minmay_misc_feat_enclosed
D:2:      layout_loops_ring, serial_shops, nicolae_shop_window_shopping,
          minmay_tiny_reverse_x
D:3:      layout_loops_cross, lemuel_crystal_altar, serial_co_window_serial,
          co_window_corner_a, co_window_paths_b, co_window_of_opportunity_a,
          co_window_of_opportunity_a, co_window_paths_a, co_window_2corner,
          co_window_corner_cb, co_window_broadway_c, co_window_paths_c,
          co_window_4corner_b, glass_columns_b, glass_columns_c,
          glass_columns_a, eino_tiny_chamber, grunt_ministairs_2,
          grunt_decor_mini_mirrors
D:4:      layout_loops_cross, nicolae_tso_swordbearing_angel,
          minmay_temple_entry_mist, minmay_liquid_box, uniq_sigmund, uniq_robin,
          uniq_grinder
D:5:      layout_rooms
Temple:   nicolae_temple_no_exploring_needed

Skill      XL: |  1  2  3  4  5  6  7 |
---------------+----------------------+-----
Fighting       | 4 5 6 7 9 |  9.3
Stealth        | 2 |  2.5
Dodging        | 3 |  3.0
Invocations    | 2 3 4 |  4.8
Axes           | |  4.0

Action                   |  1- 3 |  4- 6 |  7- 9 || total
-------------------------+-------+-------+-------++-------
Melee: Hand axe          |   122 |   113 |   155 ||   390
       Punch             |     1 |     4 |     4 ||     9
Invok: Heroism           |       |     1 |     3 ||     4
  Use: Scroll            |     4 |     2 |       ||     6
       Potion            |       |       |     3 ||     3
 Stab: Sleeping          |     1 |       |       ||     1
Armor: Robe              |     5 |       |       ||     5
       Ring mail         |    50 |     8 |       ||    58
       Chain mail        |       |    53 |    98 ||   151
       Skin              |       |       |    24 ||    24
Dodge: Dodged            |    83 |    55 |    49 ||   187

Table legend: (Time is in decaauts)
 A = Elapsed time spent in this place.
 B = Non-inter-level travel time spent in this place.
 C = Inter-level travel time spent in this place.
 D = Time resting spent in this place.
 E = Time spent auto-exploring this place.
 F = Levels seen in this place.
 G = Mean time per level.
                   A        B        C        D        E       F      G
               +--------+--------+--------+--------+--------+-----+--------+
         Total |   3994 |   3866 |    128 |    346 |   2723 |   6 |  665.7 |
       Dungeon |   3980 |   3858 |    122 |    346 |   2723 |   5 |  796.0 |
        Temple |     14 |      8 |      6 |      0 |      0 |   1 |   14.0 |
               +--------+--------+--------+--------+--------+-----+--------+

Top non-repeatable levels by time:
     D:4: 1316 daAuts
     D:3: 1156 daAuts
     D:2: 911 daAuts
     D:1: 532 daAuts
     D:5: 63 daAuts
  Temple: 14 daAuts
